[ AOE2 MATCH · #483412459 ]
Team RMMagyars vs Britons
[ REPLAY ANALYSIS · EXTRACTED FROM THE RECORDED GAME ]
Feudal
11:11
Castle
—
Imperial
—
| APM avg | 23.6 |
| APM peak | 51 |
| eAPM avg | 11.5 |
| Villagers / military | 32 / 0 |
Focus
⚔️ 27.5% · 🌾 72.5%
Feudal
8:54
Castle
—
Imperial
—
| APM avg | 30.6 |
| APM peak | 66 |
| eAPM avg | 16.0 |
| Villagers / military | 34 / 8 |
Focus
⚔️ 32.2% · 🌾 67.8%
Scout Cavalry ×7 · Spearman ×1
Feudal
9:17
Castle
—
Imperial
—
| APM avg | 30.5 |
| APM peak | 44 |
| eAPM avg | 11.5 |
| Villagers / military | 36 / 11 |
Focus
⚔️ 17.0% · 🌾 83.0%
Scout Cavalry ×10 · Spearman ×1
Feudal
10:18
Castle
—
Imperial
—
| APM avg | 61.3 |
| APM peak | 101 |
| eAPM avg | 22.8 |
| Villagers / military | 50 / 28 |
Focus
⚔️ 34.9% · 🌾 65.1%
Archer ×28
Feudal
10:36
Castle
—
Imperial
—
| APM avg | 32.9 |
| APM peak | 57 |
| eAPM avg | 14.6 |
| Villagers / military | 27 / 0 |
Focus
⚔️ 44.7% · 🌾 55.3%
Feudal
9:41
Castle
—
Imperial
—
| APM avg | 26.5 |
| APM peak | 48 |
| eAPM avg | 11.6 |
| Villagers / military | 35 / 4 |
Focus
⚔️ 23.8% · 🌾 76.2%
Battering Ram ×4
Feudal
10:59
Castle
15:06
Imperial
—
| APM avg | 38.2 |
| APM peak | 66 |
| eAPM avg | 13.8 |
| Villagers / military | 29 / 0 |
Focus
⚔️ 31.9% · 🌾 68.1%
Feudal
8:58
Castle
—
Imperial
—
| APM avg | 45.4 |
| APM peak | 71 |
| eAPM avg | 17.0 |
| Villagers / military | 49 / 16 |
Focus
⚔️ 21.7% · 🌾 78.3%
Archer ×16
Match map
Initial resources + every placement click. Lines = walls · curves = elevation contours. ◆ gold · ⬟ stone · ● berries · ✦ relic · ◌ wall gap
Your base· Open — unwalled flank
g2b's base· Open — unwalled flank
Trotti's base· Open — unwalled flank
Snakad's base· Open — unwalled flank
feto's base· Open — unwalled flank
AOKI_Shogi's base· Open — unwalled flank
Dis's base· Open — unwalled flank
atchoubaka's base· Open — unwalled flank
Smoothed initial terrain · ◌ = detected wall gap · hover for details
Inputs per minute
— Alemuar - - g2b
Build order — Alemuar
55 actions detected in the replay
| 0:02 | Create | Villager (Male) |
| 0:02 | Build | House |
| 0:03 | Build | House |
| 0:04 | Build | House |
| 0:05 | Create | Villager (Male) |
| 0:08 | Create | Villager (Male) |
| 0:08 | Create | Villager (Male) |
| 1:48 | Build | Lumber Camp |
| 1:52 | Create | Villager (Male) |
| 1:54 | Create | Villager (Male) |
| 2:12 | Create | Villager (Male) |
| 2:45 | Create | Villager (Male) |
| 3:07 | Create | Villager (Male) |
| 3:52 | Create | Villager (Male) |
| 3:52 | Create | Villager (Male) |
| 3:53 | Create | Villager (Male) |
| 4:14 | Create | Villager (Male) |
| 4:27 | Build | Mill |
| 5:03 | Build | House |
| 5:08 | Build | Palisade Wall |
| 5:09 | Create | Villager (Male) |
| 5:27 | Create | Villager (Male) |
| 5:27 | Create | Villager (Male) |
| 5:27 | Create | Villager (Male) |
| 6:06 | Build | Mill |
| 6:13 | Create | Villager (Male) |
| 6:13 | Create | Villager (Male) |
| 6:14 | Create | Villager (Male) |
| 6:55 | Create | Villager (Male) |
| 6:55 | Create | Villager (Male) |
| 6:55 | Create | Villager (Male) |
| 7:16 | Create | Villager (Male) |
| 8:38 | Build | Mining Camp |
| 9:01 | Research | Feudal Age |
| 9:31 | Create | Villager (Male) |
| 9:41 | Build | Barracks |
| 9:46 | Build | House |
| 9:58 | Create | Villager (Male) |
| 10:28 | Research | Loom |
| 10:28 | Create | Villager (Male) |
| 10:29 | Create | Villager (Male) |
| 11:11 | Age | Feudal Age |
| 11:17 | Build | Stable |
| 11:23 | Build | Blacksmith |
| 11:36 | Create | Villager (Male) |
| 11:36 | Create | Villager (Male) |
| 13:33 | Research | Castle Age |
| 14:25 | Research | Double-Bit Axe |
| 14:35 | Build | Lumber Camp |
| 14:51 | Build | Stone Wall |
| 14:56 | Build | Stone Wall |
| 15:05 | Build | Stone Wall |
| 15:09 | Create | Villager (Male) |
| 15:09 | Create | Villager (Male) |
| 15:17 | Build | Mining Camp |
Build order — g2b
80 actions detected in the replay
| 0:01 | Create | Villager (Male) |
| 0:01 | Create | Villager (Male) |
| 0:02 | Build | House |
| 0:03 | Build | House |
| 0:10 | Create | Villager (Male) |
| 0:10 | Create | Villager (Male) |
| 0:10 | Create | Villager (Male) |
| 1:49 | Build | Lumber Camp |
| 1:54 | Create | Villager (Male) |
| 2:02 | Create | Villager (Male) |
| 2:23 | Create | Villager (Male) |
| 3:03 | Create | Villager (Male) |
| 3:11 | Create | Villager (Male) |
| 3:25 | Build | House |
| 3:27 | Build | House |
| 3:49 | Create | Villager (Male) |
| 4:17 | Create | Villager (Male) |
| 4:21 | Build | Mill |
| 4:36 | Create | Villager (Male) |
| 5:07 | Create | Villager (Male) |
| 5:20 | Create | Villager (Male) |
| 5:36 | Create | Villager (Male) |
| 5:41 | Research | Loom |
| 6:50 | Research | Feudal Age |
| 6:51 | Research | Feudal Age |
| 7:50 | Build | Barracks |
| 8:54 | Age | Feudal Age |
| 8:56 | Build | Stable |
| 9:05 | Create | Villager (Male) |
| 9:12 | Research | Double-Bit Axe |
| 9:14 | Create | Villager (Male) |
| 9:37 | Create | Scout Cavalry |
| 9:45 | Create | Villager (Male) |
| 9:50 | Build | House |
| 9:53 | Build | Palisade Wall |
| 9:54 | Create | Villager (Male) |
| 9:58 | Build | House |
| 10:10 | Create | Villager (Male) |
| 10:13 | Create | Scout Cavalry |
| 10:19 | Create | Scout Cavalry |
| 10:32 | Create | Villager (Male) |
| 10:40 | Create | Villager (Male) |
| 10:46 | Build | House |
| 10:49 | Build | Farm |
| 10:50 | Build | Farm |
| 10:52 | Research | Horse Collar |
| 11:05 | Build | Farm |
| 11:15 | Build | Farm |
| 11:18 | Create | Villager (Male) |
| 11:34 | Create | Scout Cavalry |
| 11:47 | Build | Farm |
| 12:00 | Create | Scout Cavalry |
| 12:03 | Create | Villager (Male) |
| 12:22 | Build | Farm |
| 12:29 | Build | Farm |
| 12:30 | Create | Villager (Male) |
| 12:39 | Build | House |
| 12:40 | Create | Scout Cavalry |
| 13:00 | Create | Villager (Male) |
| 13:02 | Build | Farm |
| 13:05 | Build | Farm |
| 13:17 | Create | Villager (Male) |
| 13:21 | Build | Farm |
| 13:39 | Create | Scout Cavalry |
| 13:41 | Create | Villager (Male) |
| 13:43 | Build | Farm |
| 13:58 | Build | House |
| 13:59 | Build | House |
| 14:05 | Create | Spearman |
| 14:24 | Create | Villager (Male) |
| 14:36 | Create | Villager (Male) |
| 14:49 | Create | Villager (Male) |
| 15:38 | Create | Villager (Male) |
| 15:41 | Build | Farm |
| 15:41 | Build | Farm |
| 15:41 | Build | Farm |
| 15:42 | Build | Farm |
| 15:42 | Build | Farm |
| 15:43 | Create | Villager (Male) |
| 15:45 | Build | House |
Build order — Trotti
79 actions detected in the replay
| 0:01 | Create | Villager (Male) ×4 |
| 0:02 | Create | Villager (Male) ×4 |
| 0:03 | Build | House |
| 0:04 | Build | House |
| 1:42 | Create | Villager (Male) |
| 1:42 | Create | Villager (Male) |
| 1:55 | Create | Villager (Male) |
| 1:55 | Create | Villager (Male) |
| 2:11 | Build | Lumber Camp |
| 2:22 | Create | Villager (Male) |
| 2:23 | Create | Villager (Male) |
| 2:23 | Create | Villager (Male) |
| 2:53 | Create | Villager (Male) |
| 3:01 | Build | House |
| 3:03 | Build | House |
| 3:27 | Create | Villager (Male) |
| 4:02 | Create | Villager (Male) |
| 4:03 | Create | Villager (Male) |
| 4:57 | Create | Villager (Male) |
| 5:06 | Build | Mill |
| 5:09 | Create | Villager (Male) |
| 5:30 | Create | Villager (Male) |
| 6:04 | Create | Villager (Male) |
| 6:24 | Research | Loom |
| 6:43 | Research | Feudal Age |
| 7:13 | Create | Villager (Male) |
| 7:42 | Build | Barracks |
| 8:08 | Build | House |
| 8:10 | Build | House |
| 9:10 | Build | House |
| 9:13 | Build | House |
| 9:17 | Age | Feudal Age |
| 9:21 | Build | Stable |
| 9:24 | Create | Villager (Male) |
| 9:33 | Build | House |
| 9:34 | Build | House |
| 9:52 | Research | Double-Bit Axe |
| 9:56 | Create | Villager (Male) |
| 10:07 | Create | Scout Cavalry |
| 10:07 | Create | Scout Cavalry |
| 10:23 | Create | Villager (Male) |
| 10:26 | Research | Horse Collar |
| 10:31 | Build | Farm |
| 11:04 | Create | Scout Cavalry |
| 11:04 | Create | Villager (Male) |
| 11:09 | Build | Farm |
| 11:32 | Build | Stone Wall |
| 11:42 | Create | Villager (Male) |
| 11:44 | Create | Scout Cavalry |
| 11:53 | Create | Scout Cavalry |
| 11:58 | Build | Farm |
| 12:01 | Build | Farm |
| 12:10 | Build | Farm |
| 12:11 | Build | Farm |
| 12:15 | Create | Villager (Male) |
| 12:18 | Create | Scout Cavalry |
| 12:24 | Create | Villager (Male) |
| 12:27 | Build | Farm |
| 12:31 | Build | Farm |
| 12:52 | Build | Farm |
| 12:56 | Build | Farm |
| 13:07 | Create | Villager (Male) |
| 13:13 | Build | Farm |
| 13:16 | Build | Farm |
| 13:18 | Build | Farm |
| 13:38 | Create | Villager (Male) |
| 13:39 | Create | Villager (Male) |
| 13:45 | Build | Farm |
| 13:47 | Build | Farm |
| 14:12 | Create | Scout Cavalry |
| 14:29 | Create | Spearman |
| 14:48 | Build | House |
| 14:51 | Create | Villager (Male) |
| 14:52 | Create | Villager (Male) |
| 15:00 | Create | Scout Cavalry |
| 15:00 | Create | Scout Cavalry |
| 15:03 | Build | Blacksmith |
| 15:20 | Research | Wheelbarrow |
| 15:30 | Create | Scout Cavalry |
Build order — Snakad
114 actions detected in the replay
| 0:01 | Create | Villager (Male) |
| 0:01 | Create | Villager (Male) |
| 0:01 | Create | Villager (Male) |
| 0:02 | Build | House |
| 0:03 | Build | House |
| 0:08 | Create | Villager (Male) |
| 0:09 | Create | Villager (Male) |
| 1:28 | Create | Villager (Male) |
| 1:28 | Create | Villager (Male) |
| 1:29 | Create | Villager (Male) |
| 1:51 | Build | Lumber Camp |
| 1:53 | Create | Villager (Male) |
| 1:53 | Create | Villager (Male) |
| 1:54 | Create | Villager (Male) |
| 2:22 | Create | Villager (Male) |
| 2:23 | Create | Villager (Male) |
| 2:33 | Create | Villager (Male) |
| 2:33 | Create | Villager (Male) |
| 2:58 | Create | Villager (Male) |
| 2:58 | Create | Villager (Male) |
| 3:33 | Create | Villager (Male) |
| 3:33 | Create | Villager (Male) |
| 3:33 | Create | Villager (Male) |
| 3:59 | Build | Mill |
| 4:05 | Create | Villager (Male) |
| 4:05 | Create | Villager (Male) |
| 4:10 | Build | House |
| 4:25 | Create | Villager (Male) |
| 4:25 | Create | Villager (Male) |
| 4:41 | Research | Loom |
| 4:45 | Build | House |
| 4:50 | Create | Villager (Male) |
| 4:50 | Create | Villager (Male) |
| 4:51 | Create | Villager (Male) |
| 4:54 | Research | Loom |
| 4:54 | Research | Loom |
| 5:00 | Create | Villager (Male) |
| 5:00 | Create | Villager (Male) |
| 5:00 | Create | Villager (Male) |
| 5:01 | Create | Villager (Male) |
| 6:10 | Create | Villager (Male) |
| 6:10 | Create | Villager (Male) |
| 6:50 | Build | House |
| 7:00 | Create | Villager (Male) |
| 7:00 | Create | Villager (Male) |
| 7:01 | Create | Villager (Male) |
| 8:08 | Research | Feudal Age |
| 8:08 | Research | Feudal Age |
| 8:16 | Build | Barracks |
| 8:50 | Build | Mining Camp |
| 9:47 | Create | Villager (Male) |
| 10:18 | Age | Feudal Age |
| 10:18 | Create | Villager (Male) |
| 10:24 | Build | Archery Range |
| 10:30 | Create | Villager (Male) |
| 10:46 | Build | Archery Range |
| 10:51 | Create | Villager (Male) |
| 10:55 | Research | Double-Bit Axe |
| 10:55 | Research | Double-Bit Axe |
| 11:07 | Build | Palisade Wall |
| 11:09 | Create | Villager (Male) |
| 11:13 | Create | Villager (Male) |
| 11:16 | Create | Archer |
| 11:16 | Create | Archer |
| 11:16 | Create | Archer |
| 11:39 | Build | House |
| 11:43 | Create | Archer |
| 11:43 | Create | Archer |
| 11:43 | Create | Archer |
| 11:56 | Build | Palisade Wall |
| 11:59 | Create | Archer |
| 11:59 | Create | Archer |
| 12:00 | Create | Villager (Male) |
| 12:19 | Build | Lumber Camp |
| 12:22 | Build | House |
| 12:30 | Create | Archer |
| 12:30 | Create | Archer |
| 12:32 | Create | Villager (Male) |
| 12:39 | Build | House |
| 12:43 | Build | House |
| 12:46 | Create | Villager (Male) |
| 12:57 | Create | Archer |
| 12:57 | Create | Archer |
| 13:23 | Create | Archer |
| 13:24 | Create | Archer |
| 13:24 | Create | Archer |
| 13:25 | Create | Villager (Male) |
| 13:25 | Create | Villager (Male) |
| 13:43 | Build | Blacksmith |
| 13:52 | Create | Archer |
| 13:52 | Create | Archer |
| 13:59 | Create | Archer |
| 13:59 | Create | Archer |
| 14:00 | Create | Villager (Male) |
| 14:24 | Create | Archer |
| 14:24 | Create | Archer |
| 14:25 | Create | Archer |
| 14:31 | Research | Fletching |
| 14:31 | Research | Fletching |
| 15:05 | Create | Archer |
| 15:06 | Create | Archer |
| 15:07 | Research | Padded Archer Armor |
| 15:07 | Research | Padded Archer Armor |
| 15:08 | Create | Villager (Male) |
| 15:11 | Build | Farm |
| 15:15 | Build | Farm |
| 15:16 | Build | Farm |
| 15:40 | Create | Archer |
| 15:40 | Create | Archer |
| 15:41 | Create | Archer |
| 15:41 | Create | Archer |
| 15:41 | Create | Villager (Male) |
| 15:45 | Build | House |
| 15:46 | Build | House |
Build order — feto
65 actions detected in the replay
| 0:03 | Create | Villager (Male) |
| 0:04 | Create | Villager (Male) |
| 0:05 | Build | House |
| 0:07 | Build | House |
| 0:17 | Create | Villager (Male) |
| 0:31 | Create | Villager (Male) |
| 0:31 | Create | Villager (Male) |
| 1:27 | Create | Villager (Male) |
| 1:51 | Build | Lumber Camp |
| 2:05 | Create | Villager (Male) |
| 2:24 | Create | Villager (Male) |
| 2:57 | Create | Villager (Male) |
| 3:04 | Create | Villager (Male) |
| 3:11 | Build | House |
| 3:41 | Create | Villager (Male) |
| 3:42 | Create | Villager (Male) |
| 3:55 | Build | Palisade Wall |
| 4:09 | Create | Villager (Male) |
| 4:26 | Create | Villager (Male) |
| 4:31 | Build | House |
| 4:31 | Build | Palisade Wall |
| 4:32 | Build | Palisade Wall |
| 5:03 | Create | Villager (Male) |
| 5:17 | Build | House |
| 5:20 | Create | Villager (Male) |
| 5:37 | Build | House |
| 5:48 | Build | Mill |
| 5:53 | Create | Villager (Male) |
| 6:09 | Build | House |
| 6:11 | Build | Palisade Wall |
| 6:16 | Create | Villager (Male) |
| 6:39 | Create | Villager (Male) |
| 6:48 | Research | Loom |
| 7:14 | Create | Villager (Male) |
| 7:34 | Build | Farm |
| 7:44 | Create | Villager (Male) |
| 7:54 | Build | House |
| 7:57 | Build | Palisade Gate |
| 8:03 | Build | Farm |
| 8:26 | Research | Feudal Age |
| 8:47 | Build | Mining Camp |
| 9:36 | Build | House |
| 10:36 | Age | Feudal Age |
| 10:38 | Create | Villager (Male) |
| 10:44 | Build | Stone Wall |
| 10:48 | Create | Villager (Male) |
| 11:24 | Create | Villager (Male) |
| 11:38 | Build | Market |
| 11:48 | Create | Villager (Male) |
| 12:14 | Build | Blacksmith |
| 12:18 | Create | Villager (Male) |
| 12:29 | Build | Mining Camp |
| 12:42 | Research | Double-Bit Axe |
| 12:46 | Create | Villager (Male) |
| 13:18 | Research | Castle Age |
| 13:49 | Build | Gate |
| 14:00 | Build | Farm |
| 14:43 | Research | Horse Collar |
| 14:46 | Build | Farm |
| 14:46 | Build | Farm |
| 14:46 | Build | Farm |
| 15:05 | Build | Stone Wall |
| 15:12 | Build | Stone Wall |
| 15:24 | Build | Palisade Gate |
| 15:26 | Build | Palisade Wall |
Build order — AOKI_Shogi
67 actions detected in the replay
| 0:02 | Create | Villager (Male) ×4 |
| 0:05 | Build | House |
| 0:06 | Build | House |
| 1:25 | Build | Lumber Camp |
| 1:33 | Create | Villager (Male) |
| 1:34 | Create | Villager (Male) |
| 2:12 | Create | Villager (Male) |
| 2:28 | Build | House |
| 2:35 | Create | Villager (Male) |
| 2:35 | Create | Villager (Male) |
| 3:02 | Create | Villager (Male) |
| 3:03 | Create | Villager (Male) |
| 3:24 | Build | House |
| 3:25 | Create | Villager (Male) |
| 3:25 | Create | Villager (Male) |
| 3:49 | Create | Villager (Male) |
| 3:49 | Create | Villager (Male) |
| 4:13 | Create | Villager (Male) |
| 4:34 | Create | Villager (Male) |
| 4:57 | Create | Villager (Male) |
| 5:04 | Create | Villager (Male) |
| 5:05 | Create | Villager (Male) |
| 5:57 | Research | Loom |
| 6:49 | Create | Villager (Male) |
| 6:58 | Build | House |
| 7:01 | Build | Mill |
| 7:05 | Create | Villager (Male) |
| 7:31 | Research | Feudal Age |
| 8:30 | Build | Mining Camp |
| 9:41 | Age | Feudal Age |
| 9:43 | Create | Villager (Male) |
| 9:54 | Build | Barracks |
| 9:59 | Research | Double-Bit Axe |
| 10:03 | Create | Villager (Male) |
| 10:10 | Create | Villager (Male) |
| 10:52 | Build | Blacksmith |
| 10:55 | Research | Town Watch |
| 11:05 | Create | Villager (Male) |
| 11:31 | Create | Villager (Male) |
| 11:36 | Build | Farm |
| 11:52 | Build | Siege Workshop |
| 11:58 | Create | Villager (Male) |
| 12:38 | Create | Villager (Male) |
| 12:42 | Build | House |
| 12:50 | Create | Battering Ram |
| 12:50 | Create | Battering Ram |
| 12:51 | Build | House |
| 13:15 | Research | Horse Collar |
| 13:29 | Build | House |
| 13:39 | Create | Villager (Male) |
| 13:52 | Build | Palisade Wall |
| 13:53 | Build | Palisade Wall |
| 14:02 | Build | House |
| 14:09 | Create | Villager (Male) |
| 14:19 | Create | Battering Ram |
| 14:20 | Create | Villager (Male) |
| 14:24 | Build | House |
| 14:43 | Create | Villager (Male) |
| 14:57 | Create | Villager (Male) |
| 15:03 | Build | House |
| 15:14 | Build | House |
| 15:15 | Build | Palisade Wall |
| 15:19 | Build | Palisade Wall |
| 15:30 | Create | Villager (Male) |
| 15:38 | Build | House |
| 16:01 | Create | Battering Ram |
| 16:04 | Build | House |
Build order — Dis
66 actions detected in the replay
| 0:02 | Build | House |
| 0:03 | Build | House |
| 0:03 | Create | Villager (Male) |
| 0:04 | Create | Villager (Male) |
| 0:04 | Create | Villager (Male) |
| 0:07 | Create | Villager (Male) |
| 1:27 | Create | Villager (Male) |
| 1:47 | Build | Lumber Camp |
| 1:55 | Create | Villager (Male) |
| 2:21 | Create | Villager (Male) |
| 2:22 | Create | Villager (Male) |
| 2:53 | Create | Villager (Male) |
| 2:53 | Create | Villager (Male) |
| 3:04 | Build | House |
| 3:15 | Create | Villager (Male) |
| 3:23 | Create | Villager (Male) |
| 3:43 | Build | House |
| 4:05 | Create | Villager (Male) |
| 4:06 | Create | Villager (Male) |
| 4:32 | Create | Villager (Male) |
| 4:34 | Create | Villager (Male) |
| 5:10 | Create | Villager (Male) |
| 5:11 | Create | Villager (Male) |
| 5:32 | Create | Villager (Male) |
| 6:10 | Create | Villager (Male) |
| 6:33 | Create | Villager (Male) |
| 7:01 | Build | Mill |
| 7:15 | Create | Villager (Male) |
| 7:18 | Build | House |
| 7:38 | Create | Villager (Male) |
| 7:44 | Research | Loom |
| 7:59 | Build | Palisade Wall |
| 8:11 | Build | Mining Camp |
| 8:28 | Research | Feudal Age |
| 8:46 | Build | House |
| 8:51 | Build | Palisade Wall |
| 8:53 | Build | Palisade Wall |
| 9:05 | Build | Palisade Wall |
| 9:06 | Build | Palisade Wall |
| 9:12 | Build | Palisade Wall |
| 9:13 | Build | Palisade Wall |
| 9:22 | Create | Villager (Male) |
| 10:12 | Build | House |
| 10:59 | Age | Feudal Age |
| 11:01 | Build | Market |
| 11:08 | Build | Blacksmith |
| 11:11 | Create | Villager (Male) |
| 11:28 | Build | Palisade Wall |
| 11:32 | Create | Villager (Male) |
| 11:35 | Research | Double-Bit Axe |
| 12:07 | Build | Palisade Gate |
| 12:10 | Build | Palisade Wall |
| 12:26 | Research | Castle Age |
| 12:26 | Research | Castle Age |
| 12:43 | Build | House |
| 12:48 | Build | House |
| 12:50 | Build | Palisade Wall |
| 13:19 | Research | Horse Collar |
| 13:31 | Build | House |
| 14:48 | Create | Villager (Male) |
| 14:48 | Create | Villager (Male) |
| 15:06 | Age | Castle Age |
| 15:10 | Build | Town Center |
| 15:19 | Build | Siege Workshop |
| 15:20 | Create | Villager (Male) |
| 15:25 | Build | Town Center |
Build order — atchoubaka
95 actions detected in the replay
| 0:01 | Create | Villager (Male) |
| 0:01 | Create | Villager (Male) |
| 0:02 | Build | House |
| 0:03 | Build | House |
| 0:10 | Create | Villager (Male) |
| 0:26 | Create | Villager (Male) |
| 1:18 | Create | Villager (Male) |
| 1:18 | Create | Villager (Male) |
| 1:39 | Create | Villager (Male) |
| 1:46 | Build | Lumber Camp |
| 2:04 | Create | Villager (Male) |
| 2:22 | Build | House |
| 2:31 | Create | Villager (Male) |
| 2:51 | Create | Villager (Male) |
| 2:51 | Create | Villager (Male) |
| 3:49 | Create | Villager (Male) |
| 3:51 | Create | Villager (Male) |
| 3:51 | Create | Villager (Male) |
| 4:10 | Create | Villager (Male) |
| 4:12 | Create | Villager (Male) |
| 4:57 | Create | Villager (Male) |
| 5:06 | Create | Villager (Male) |
| 5:24 | Build | Mining Camp |
| 5:35 | Create | Villager (Male) |
| 5:35 | Create | Villager (Male) |
| 6:03 | Research | Loom |
| 6:48 | Research | Feudal Age |
| 7:30 | Create | Villager (Male) |
| 8:57 | Build | Barracks |
| 8:58 | Age | Feudal Age |
| 9:10 | Create | Villager (Male) |
| 9:21 | Create | Villager (Male) |
| 9:28 | Build | House |
| 9:31 | Create | Villager (Male) |
| 9:31 | Create | Villager (Male) |
| 9:33 | Create | Villager (Male) |
| 9:37 | Build | Palisade Wall |
| 9:46 | Create | Villager (Male) |
| 9:49 | Build | Archery Range |
| 9:51 | Create | Villager (Male) |
| 9:59 | Create | Villager (Male) |
| 9:59 | Create | Villager (Male) |
| 10:07 | Create | Villager (Male) |
| 10:16 | Create | Villager (Male) |
| 10:37 | Create | Villager (Male) |
| 10:37 | Create | Villager (Male) |
| 10:48 | Build | Archery Range |
| 10:52 | Create | Villager (Male) |
| 11:00 | Build | House |
| 11:15 | Create | Archer |
| 11:19 | Create | Villager (Male) |
| 11:23 | Create | Villager (Male) |
| 11:27 | Build | House |
| 11:31 | Create | Villager (Male) |
| 11:40 | Create | Archer |
| 11:43 | Create | Villager (Male) |
| 11:43 | Create | Villager (Male) |
| 11:56 | Build | Lumber Camp |
| 12:01 | Create | Archer |
| 12:02 | Create | Archer |
| 12:03 | Create | Villager (Male) |
| 12:04 | Create | Villager (Male) |
| 12:23 | Create | Archer |
| 12:24 | Create | Archer |
| 12:29 | Create | Villager (Male) |
| 12:29 | Create | Villager (Male) |
| 12:36 | Create | Villager (Male) |
| 12:51 | Research | Double-Bit Axe |
| 13:12 | Create | Archer |
| 13:13 | Create | Archer |
| 13:17 | Build | House |
| 13:41 | Build | Blacksmith |
| 13:50 | Create | Archer |
| 13:50 | Create | Archer |
| 14:31 | Create | Archer |
| 14:31 | Create | Archer |
| 14:34 | Create | Villager (Male) |
| 14:34 | Create | Villager (Male) |
| 14:36 | Create | Villager (Male) |
| 14:46 | Research | Fletching |
| 14:49 | Build | House |
| 15:01 | Build | Mill |
| 15:05 | Create | Villager (Male) |
| 15:10 | Build | House |
| 15:20 | Create | Archer |
| 15:20 | Create | Archer |
| 15:34 | Build | Farm |
| 15:35 | Build | Farm |
| 15:35 | Build | Farm |
| 15:46 | Build | House |
| 15:51 | Build | Farm |
| 15:53 | Build | Farm |
| 16:02 | Create | Archer |
| 16:02 | Create | Archer |
| 16:05 | Build | Farm |
Match timeline
| 3:55 | feto · wall_segment Palisade Wall x3 |
| 4:31 | feto · wall_segment Palisade Wall x1 |
| 4:32 | feto · wall_segment Palisade Wall x1 |
| 5:08 | Alemuar · wall_segment Palisade Wall x13 |
| 6:11 | feto · wall_segment Palisade Wall x8 |
| 7:42 | Trotti · first_building Barracks |
| 7:50 | g2b · first_building Barracks |
| 7:59 | Dis · wall_segment Palisade Wall x5 |
| 8:16 | Snakad · first_building Barracks |
| 8:51 | Dis · wall_segment Palisade Wall x4 |
| 8:53 | Dis · wall_segment Palisade Wall x5 |
| 8:54 | g2b · age_up feudal |
| 8:56 | g2b · first_building Stable |
| 8:57 | atchoubaka · first_building Barracks |
| 8:58 | atchoubaka · age_up feudal |
| 9:05 | Dis · wall_segment Palisade Wall x5 |
| 9:06 | Dis · wall_segment Palisade Wall x1 |
| 9:12 | Dis · wall_segment Palisade Wall x1 |
| 9:13 | Dis · wall_segment Palisade Wall x3 |
| 9:17 | Trotti · age_up feudal |
| 9:21 | Trotti · first_building Stable |
| 9:37 | atchoubaka · wall_segment Palisade Wall x3 |
| 9:41 | AOKI_Shogi · age_up feudal |
| 9:41 | Alemuar · first_building Barracks |
| 9:49 | atchoubaka · first_building Archery Range |
| 9:53 | g2b · wall_segment Palisade Wall x3 |
| 9:54 | AOKI_Shogi · first_building Barracks |
| 10:18 | Snakad · age_up feudal |
| 10:24 | Snakad · first_building Archery Range |
| 10:36 | feto · age_up feudal |
| 10:44 | feto · wall_segment Stone Wall x9 |
| 10:59 | Dis · age_up feudal |
| 11:07 | Snakad · wall_segment Palisade Wall x17 |
| 11:11 | Alemuar · age_up feudal |
| 11:17 | Alemuar · first_building Stable |
| 11:28 | Dis · wall_segment Palisade Wall x1 |
| 11:32 | Trotti · wall_segment Stone Wall x14 |
| 11:52 | AOKI_Shogi · first_building Siege Workshop |
| 11:56 | Snakad · wall_segment Palisade Wall x10 |
| 12:10 | Dis · wall_segment Palisade Wall x1 |
| 12:50 | Dis · wall_segment Palisade Wall x1 |
| 13:52 | AOKI_Shogi · wall_segment Palisade Wall x1 |
| 13:53 | AOKI_Shogi · wall_segment Palisade Wall x1 |
| 14:51 | Alemuar · wall_segment Stone Wall x5 |
| 14:56 | Alemuar · wall_segment Stone Wall x6 |
| 15:05 | feto · wall_segment Stone Wall x9 |
| 15:05 | Alemuar · wall_segment Stone Wall x3 |
| 15:06 | Dis · age_up castle |
| 15:12 | feto · wall_segment Stone Wall x6 |
| 15:15 | AOKI_Shogi · wall_segment Palisade Wall x1 |
| 15:19 | Dis · first_building Siege Workshop |
| 15:19 | AOKI_Shogi · wall_segment Palisade Wall x1 |
| 15:26 | feto · wall_segment Palisade Wall x1 |
| 15:34 | feto · resign |
[ AI ANALYSIS · 1 CREDIT ]
What really happened in this match?
Wolo.gg analyzes every decision: build order, eco, micro, common mistakes by bracket. Personalized analysis on WhatsApp or Discord in 30 seconds.
Civ guide
Magyars
Map guide
Lombardia
Perfil
Jugador #3679177